 Dungeon Crawl Stone Soup version 0.29.1-12-g30fa7ad0bf (webtiles) character file.

Game seed: 15751557251450620420

9126 Flaz the Cleaver (level 11, -4/82 HPs)
             Began as a Ghoul Monk on Jan 14, 2023.
             Was a High Priest of Okawaru.
             Slain by an orc knight
             ... wielding a +1 great sword
              (6 damage)
             ... on level 1 of the Orcish Mines on Jan 15, 2023.
             The game lasted 01:06:16 (19770 turns).

Flaz the Cleaver (Ghoul Monk)                      Turns: 19770, Time: 01:06:17

Health: -4/82      AC: 16    Str: 20    XL:     11   Next: 41%
Magic:  7/13       EV: 14    Int:  8    God:    Okawaru [*****.]
Gold:   762        SH:  0    Dex: 11    Spells: 10/10 levels left

rFire   . . .      SeeInvis .   z - +3 hand axe
rCold   + . .      Faith    .   (no shield)
rNeg    + + +      Spirit   .   H - +3 leather armour {Will+}
rPois   ∞          Reflect  .   u - +2 helmet {Int+3}
rElec   .          Harm     .   o - +0 cloak {Will+}
rCorr   .          Rampage  .   (no gloves)
Will    ++...                   (no boots)
Stlth   +++.......              d - amulet of the acrobat
HPRegen 0.00/turn               n - +4 ring of protection
MPRegen 0.13/turn               (no ring)

@: heroic, finesse-ful, inhibited regen
A: claws 1, cold resistance 1, negative energy resistance 3, inhibited
regeneration, torment resistance 2, devour on kill
a: Renounce Religion, Heroism, Finesse, Duel


You were on level 1 of the Orcish Mines.
You worshipped Okawaru.
Okawaru was extremely pleased with you.
You visited 3 branches of the dungeon, and saw 13 of its levels.

You collected 762 gold pieces.

Inventory:

Hand Weapons
 p - a +0 spear
 z - a +3 hand axe (weapon)
 I - a +2 spear of freezing
Missiles
 a - 2 boomerangs
 f - a javelin
 m - 2 throwing nets
 r - 2 silver boomerangs
 v - 8 poisoned darts (quivered)
Armour
 e - a +0 chain mail
 o - a +0 cloak of willpower (worn)
 u - a +2 helmet of intelligence (worn)
 E - +0 steam dragon scales
 H - a +3 leather armour of willpower (worn)
Jewellery
 d - an amulet of the acrobat (around neck)
 n - a +4 ring of protection (left claw)
 y - an amulet of regeneration
Wands
 j - a wand of quicksilver (4)
 q - a wand of digging (5)
 C - a wand of flame (28)
 J - a wand of polymorph (5)
Scrolls
 b - 2 scrolls of magic mapping {unknown}
 h - a scroll of enchant armour
 i - 2 scrolls of immolation
 k - a scroll of poison {unknown}
 l - a scroll of fear {unknown}
 s - 2 scrolls of brand weapon {unknown}
 t - 2 scrolls of vulnerability {unknown}
 x - a scroll of fog {unknown}
 B - a scroll of summoning {unknown}
 F - a scroll of silence {unknown}
Potions
 g - a potion of ambrosia
 w - a potion of haste {unknown}
 A - 2 potions of flight
 D - a potion of degeneration {unknown}
 G - a potion of mutation {unknown}


   Skills:
 - Level 3.2(8.2) Fighting
 + Level 13.2(18.2) Axes
 - Level 6.0(11.0) Throwing
 - Level 6.0(11.0) Armour
 - Level 2.6(7.6) Dodging
 - Level 2.1(7.1) Stealth
 * Level 4.6 Invocations


You had 10 spell levels left.
You didn't know any spells.
Your spell library was empty.

Dungeon Overview and Level Annotations

Branches:
Dungeon (10/15)            Temple (1/1) D:5             Orc (2/2) D:9
   Lair: D:8-11         Elf: Orc:2

Altars:
Ashenzari
Cheibriados
Gozag
Hepliaklqana
Kikubaaqudgha
Makhleb
Nemelex Xobeh
Okawaru
Qazlal
Sif Muna
Trog
Uskayaw
Vehumet
Xom
Yredelemnul

Shops:
D:6 :   D:8 *   Orc:2 *

Annotations:
D:3 3 runed translucent doors, IHuginn's ghost, amateur OpBe
D:5 1 runed translucent door, Fronk's ghost, novice DsBe


Innate Abilities, Weirdness & Mutations

You are immune to poison.
You have sharp fingernails.
Your flesh is cold resistant. (rC+)
You are immune to negative energy. (rN+++)
You do not regenerate when monsters are visible.
You are immune to unholy pain and torment.
You thrive by killing the living.


Message History

The orc knight is heavily wounded.
You hit the orc knight but do no damage.
The orc knight is heavily wounded.
You slash the orc knight!
The orc knight is heavily wounded.
The orc knight hits you with a +1 great sword!
You are too injured to fight recklessly!
You closely miss the orc knight.
The orc knight is heavily wounded.
You hit the orc knight.
The orc knight is severely wounded.
You hit the orc knight but do no damage.
The orc knight is severely wounded.
The orc knight hits you with a +1 great sword!
You hit the orc knight but do no damage.
The orc knight is severely wounded.
You closely miss the orc knight.
The orc knight is severely wounded.
You hit the orc knight but do no damage.
The orc knight is severely wounded.
The orc knight hits you with a +1 great sword!
* * * LOW HITPOINT WARNING * * *
You hit the orc knight.
The orc knight is severely wounded.
You hit the orc knight.
The orc knight is severely wounded.
You hit the orc knight but do no damage.
The orc knight is severely wounded.
You closely miss the orc knight.
The orc knight is severely wounded.
The orc knight hits you with a +1 great sword!!
* * * LOW HITPOINT WARNING * * *
You closely miss the orc knight. Your claw misses the orc knight.
The orc knight is severely wounded.
You hit the orc knight.
The orc knight is severely wounded.
You hit the orc knight.
The orc knight is severely wounded.
The orc knight hits you with a +1 great sword.
You die...

#....###....#.#.#...#
##.....###..........#
###....##....#.....#
##..#.##........##
#.....###.......#
##..........##.##
##...#...........#
##.......o[[.....##
#........[@[....##
##.......)[).....##
###.........##...#
##..........##.##
#...#......<....#
##.#............#
###...#........#
##.#........##
##......####


You could see an orc knight (very poisoned).

Vanquished Creatures
  A two-headed ogre (D:9)
  A deep elf pyromancer (D:9)
  A cyclops (D:9)
  Maurice (D:7)
  Joseph (D:9)
  A hornet (D:9)
  Prince Ribbit (D:9)
  A shadow (D:9)
  A wyvern (D:8)
  5 yaks
  3 steam dragons
  3 acid dragons (D:8)
  A water moccasin (D:8)
  A sky beast (D:7)
  2 black bears (D:7)
  8 orc warriors
  2 ogres
  5 centaurs
  A phantom (D:4)
  A kobold brigand (D:7)
  4 bullfrogs
  A necrophage (D:4)
  A gnoll sergeant (D:9)
  3 scorpions
  6 wights
  12 killer bees
  An electric eel (D:9)
  A jelly (D:6)
  5 howler monkeys
  19 orc priests
  6 hounds
  3 gnoll boudas
  4 iguanas
  15 orc wizards
  20 gnolls
  4 adders
  2 shadow imps (D:7)
  A white imp (D:7)
  An ufetubus (D:3)
  A worm (D:4)
  4 dart slugs
  46 orcs
  8 endoplasms
  2 giant cockroaches
  6 goblins
  7 hobgoblins
  8 jackals
  10 kobolds
  6 quokkas
  9 ball pythons
  3 bats (D:1)
  3 frilled lizards (D:1)
  6 rats
269 creatures vanquished.

Vanquished Creatures (others)
  2 orcs (D:7)
  A kobold (D:8)
  37 plants
  2 withered plants (D:5)
42 creatures vanquished.

Grand Total: 311 creatures vanquished

Notes
Turn   | Place    | Note
-------+----------+-------------------------------------------
     0 | D:1      | Flaz the Ghoul Monk began the quest for the Orb.
     0 | D:1      | Reached XP level 1. HP: 19/19 MP: 0/0
   100 | D:1      | Reached skill level 3 in Axes
   104 | D:1      | Reached XP level 2. HP: 22/26 MP: 1/1
   425 | D:1      | Reached skill level 1 in Armour
   469 | D:1      | Reached XP level 3. HP: 27/31 MP: 2/2
  1087 | D:2      | Reached XP level 4. HP: 34/38 MP: 3/3
  1204 | D:2      | Reached skill level 4 in Axes
  1906 | D:2      | Reached XP level 5. HP: 45/45 MP: 4/4
  2200 | D:3      | Found a shimmering altar of Xom.
  2221 | D:3      | Found an ancient bone altar of Kikubaaqudgha.
  2267 | D:3      | Found a faded altar of an unknown god.
  2383 | D:3      | Noticed an angel
  2774 | D:3      | Found a hazy altar of Hepliaklqana.
  2981 | D:3      | Found a runed translucent gate.
  2981 | D:3      | Found a runed translucent gate.
  2981 | D:3      | Found a runed translucent gate.
  2981 | D:3      | Noticed IHuginn's ghost (amateur OpBe)
  3026 | D:3      | Found a faded altar of an unknown god.
  3070 | D:3      | Found a basalt altar of Yredelemnul.
  3072 | D:3      | Noticed a profane servitor
  3155 | D:4      | Reached XP level 6. HP: 51/51 MP: 5/5
  3285 | D:4      | Reached skill level 5 in Axes
  3767 | D:4      | Reached XP level 7. HP: 57/57 MP: 6/6
  4193 | D:5      | Entered Level 5 of the Dungeon
  4246 | D:5      | Found a runed translucent door.
  4247 | D:5      | Noticed Fronk's ghost (novice DsBe)
  4547 | D:4      | Reached skill level 5 in Armour
  4657 | D:5      | Reached skill level 6 in Axes
  4924 | D:5      | Found a staircase to the Ecumenical Temple.
  4953 | Temple   | Entered the Ecumenical Temple
  5110 | Temple   | Became a worshipper of Warmaster Okawaru
  5110 | Temple   | Reached * piety under Okawaru
  5110 | Temple   | Reached ** piety under Okawaru
  5639 | D:5      | Reached XP level 8. HP: 58/63 MP: 7/7
  5750 | D:5      | HP: 3/63 [orc priest/divine providence (12)]
  7059 | D:6      | Found a hide-covered altar of Uskayaw.
  7059 | D:6      | Found a broken altar of Ashenzari.
  7341 | D:6      | Reached skill level 7 in Axes
  7390 | D:6      | Reached skill level 1 in Throwing
  8109 | D:6      | Found Duhafuemp's Book Emporium.
  8414 | D:6      | Found a stormy altar of Qazlal.
  8696 | D:7      | Reached skill level 8 in Axes
  8758 | D:7      | Reached *** piety under Okawaru
  8759 | D:7      | Reached XP level 9. HP: 62/70 MP: 8/8
  9524 | D:7      | Reached skill level 9 in Axes
  9591 | D:8      | Noticed Maurice
 10124 | D:8      | Found Ypatod's Elemental Accessories.
 10128 | D:8      | Found a sparkling altar of Nemelex Xobeh.
 10992 | D:7      | Killed Maurice
 10992 | D:7      | Reached **** piety under Okawaru
 10993 | D:7      | Reached skill level 10 in Axes
 11338 | D:8      | Reached XP level 10. HP: 32/77 MP: 9/9
 11741 | D:9      | Noticed Joseph
 12408 | D:9      | Noticed Prince Ribbit
 12489 | D:9      | Killed Prince Ribbit
 12684 | D:9      | Reached skill level 11 in Axes
 12684 | D:9      | Reached skill level 5 in Throwing
 13029 | D:9      | Killed Joseph
 13029 | D:9      | Reached ***** piety under Okawaru
 13303 | D:9      | Found a burning altar of Makhleb.
 13324 | D:9      | Found a staircase to the Orcish Mines.
 13478 | D:9      | Reached skill level 1 in Invocations
 13796 | D:9      | Noticed a two-headed ogre
 15806 | D:9      | Killed a two-headed ogre
 15807 | D:9      | Reached skill level 12 in Axes
 15824 | D:10     | Entered Level 10 of the Dungeon
 15831 | D:10     | Reached XP level 11. HP: 12/82 MP: 9/12
 16381 | D:9      | Noticed a boulder beetle
 16606 | D:9      | Noticed a cyclops
 16608 | D:9      | Noticed a deep elf pyromancer
 17146 | D:9      | Killed a deep elf pyromancer
 17146 | D:9      | Received a gift from Okawaru
 17303 | D:9      | Killed a cyclops
 18312 | D:9      | Received a gift from Okawaru
 18407 | Orc:1    | Entered Level 1 of the Orcish Mines
 18519 | Orc:2    | Entered Level 2 of the Orcish Mines
 18719 | Orc:1    | Reached skill level 13 in Axes
 19596 | Orc:2    | Found Huhirph's General Store.
 19596 | Orc:2    | Noticed an orc knight
 19767 | Orc:1    | HP: 2/82 [orc knight/+1 great sword (18)]
 19770 | Orc:1    | Slain by an orc knight

Illustrated notes

Levels and vault maps discovered:
D:1:      moated_graveyard_arrival, layout_loops_corners
D:2:      layout_basic, nicolae_figureground_pulse
D:3:      layout_rooms, grunt_temple_overflow_holy_war,
          nicolae_overflow_ecumenical_swirl, old_standard_altar,
          mainiacjoe_overflow_catch_the_wave, ebering_ghost_rock_garden,
          basic_ecumenical_altar
D:4:      layout_basic
D:5:      layout_layer_cave, minmay_temple_entry_metal_lava,
          gammafunk_ghost_grave
D:6:      minmay_flawed_box, layout_basic, nicolae_overflow_hidden_temple,
          serial_shops, shop
D:7:      layout_basic
D:8:      layout_basic, nemelex_xobeh_ov_fountains_minmay,
          nicolae_elemental_shop, uniq_maurice
D:9:      nzn_winding_woodlands_medium [nzn_winding_woodlands_5x5_three,
          nzn_winding_woodlands_5x15_river_crossing,
          nzn_winding_woodlands_5x5_open_star,
          nzn_winding_woodlands_5x5_perimeter,
          nzn_winding_woodlands_center_lodge, nzn_winding_woodlands_5x5_default,
          nzn_winding_woodlands_5x5_default, nzn_winding_woodlands_5x15_garden,
          nzn_winding_woodlands_5x5_checkerboard], layout_grid_maze,
          mainiacjoe_overflow_catwalk, mainiacjoe_overflow_surrounded_room,
          minmay_orc_entry_temple_small, uniq_joseph, uniq_prince_ribbit1
D:10:     layout_stronghold, mainiacjoe_overflow_concentric_impassable,
          mainiacjoe_overflow_cross_hatched
Temple:   hellmonk_temple_flake
Orc:1:    layout_caves
Orc:2:    pf_orc_diabolical, layout_caves, serial_shops, nicolae_shop_crystal,
          uniq_erolcha

Skill      XL: |  1  2  3  4  5  6  7  8  9 10 11 |
---------------+----------------------------------+-----
Axes           | 3 4 5 6 8 10 12 13 | 13.2
Armour         | 1 2 3 4 5 6 |  6.0
Throwing       | 2 4 6 |  6.0
Invocations    | 3 4 |  4.6
Fighting       | |  3.2
Dodging        | |  2.6
Stealth        | |  2.1

Action                   |  1- 3 |  4- 6 |  7- 9 | 10-12 || total
-------------------------+-------+-------+-------+-------++-------
Melee: Hand axe          |   103 |   241 |   528 |   604 ||  1476
       Punch             |     1 |     5 |     6 |    12 ||    24
Throw: Dart              |       |       |    29 |    57 ||    86
       Boomerang         |       |       |     1 |     9 ||    10
Invok: Heroism           |       |       |       |    14 ||    14
       Finesse           |       |       |       |     2 ||     2
  Use: Scroll            |       |       |    10 |     3 ||    13
       Potion            |       |       |     7 |     4 ||    11
 Stab: Sleeping          |     1 |       |       |       ||     1
Armor: Chain mail        |    59 |   155 |   334 |    58 ||   606
       Robe              |     4 |       |       |       ||     4
       Leather armour    |       |       |       |   121 ||   121
Dodge: Dodged            |    47 |   118 |   263 |   316 ||   744
